 Dungeon Crawl Stone Soup version 0.25-a0-458-g6fc7858b95 (webtiles) character file.

Game seed: 11765686173333559544, levelgen mode: deterministic

427 FluffGlitter the Magician (level 6, -2/41 HPs)
             Began as a Demonspawn Wizard on Feb 3, 2020.
             Killed by divine providence
             ... invoked by an orc priest
              (9 damage)
             ... on level 5 of the Dungeon.
             The game lasted 00:36:17 (7306 turns).

FluffGlitter the Magician (Demonspawn Wizard)       Turns: 7306, Time: 00:36:18

Health: -2/41      AC:  2    Str:  7    XL:     6   Next: 65%
Magic:  6/12       EV: 13    Int: 21    God:
Gold:   209        SH:  0    Dex: 12    Spells: 8/13 levels left

rFire    + . .     SeeInvis +   D - +0 dagger (speed)
rCold    . . .     Gourm    .   (no shield)
rNeg     . . .     Faith    .   a - +0 robe
rPois    .         Spirit   .   b - +0 hat
rElec    .         Reflect  .   (no cloak)
rCorr    .         Harm     .   (no gloves)
MR       .....                  (no boots)
Stlth    ++........             (no amulet)
HPRegen  0.13/turn              z - ring of see invisible
MPRegen  0.13/turn              (no ring)

@: very slightly contaminated
A: horns 1, fire resistance 1, powered by death 1
a: no special abilities


You were on level 5 of the Dungeon.
You were not hungry.

You visited 1 branch of the dungeon, and saw 6 of its levels.

You collected 209 gold pieces.

Inventory:

Hand Weapons
 h - a +1 hand axe of freezing
   (You found it on level 1 of the Dungeon)
 D - a +0 dagger of speed (weapon)
   (You took it off an orc priest on level 5 of the Dungeon)
Missiles
 j - 31 stones (quivered)
 r - 12 poisoned darts
 w - 5 atropa-tipped darts
Armour
 a - a +0 robe (worn)
 b - a +0 hat (worn)
Jewellery
 z - a ring of see invisible (left hand)
   (You found it on level 4 of the Dungeon)
 B - an uncursed ring of stealth {unknown}
   (You found it on level 4 of the Dungeon)
Wands
 u - a wand of enslavement (1)
   (You found it on level 3 of the Dungeon)
 v - a wand of digging (5)
   (You found it on level 2 of the Dungeon)
 x - a wand of acid (5)
   (You found it on level 4 of the Dungeon)
Scrolls
 i - a scroll of magic mapping {unknown}
 k - a scroll of random uselessness {unknown}
 l - a scroll of identify {unknown}
 n - 2 scrolls of remove curse {unknown}
 o - a scroll of blinking {unknown}
 q - a scroll of enchant armour {unknown}
Potions
 d - 3 potions of degeneration {unknown}
 f - a potion of magic {unknown}
 g - 3 potions of curing {unknown}
 m - 2 potions of mutation {unknown}
 p - a potion of lignification {unknown}
 s - a potion of ambrosia {unknown}
 t - 2 potions of brilliance {unknown}
 y - 2 potions of agility {unknown}
 A - a potion of flight {unknown}
Comestibles
 e - 8 rations {!d}


   Skills:
 + Level 3.5 Dodging
 + Level 3.8 Stealth
 + Level 4.3 Spellcasting
 + Level 3.4 Conjurations
 - Level 1.0 Summonings
 - Level 0.8 Translocations


You had 8 spell levels left.
You knew the following spells:

 Your Spells              Type           Power        Failure   Level  Hunger
a - Magic Dart            Conj           ###.         2%          1    None
b - Blink                 Tloc           N/A          12%         2    #......
x - Call Imp              Summ           #.......     12%         2    #......

Your spell library contained the following spells:

 Spells                   Type           Power        Failure   Level  Hunger
 Conjure Flame            Conj/Fire      ##......     17%         3    ##.....
 Slow                     Hex            #.......     19%         2    #......
 Mephitic Cloud           Conj/Pois/Air  #.......     22%         3    ##.....


Dungeon Overview and Level Annotations

Branches:
Dungeon (6/15)             Temple (0/1) D:5

Altars:
Ashenzari
Dithmenos
Elyvilon
Gozag
Makhleb
Vehumet


Innate Abilities, Weirdness & Mutations

You have a pair of small horns on your head.
Your flesh is heat resistant. (rF+)
You regenerate a little health from kills.


Message History

The orc priest hits your crimson imp.
Your crimson imp barely misses the orc priest.
The orc priest hits your crimson imp.
Your crimson imp hits the orc priest.
The orc priest calls down the wrath of Beogh upon your crimson imp.
Your crimson imp is smitten.
Your crimson imp dies!
Aim: an orc priest, wearing a +0 chain mail (moderately wounded, hasn't noticed you)
The magic dart hits the orc priest but does no damage.
The orc priest shouts!
The orc priest calls down the wrath of Beogh upon you.
Beogh smites you!
* * * LOW HITPOINT WARNING * * *
Aim: an orc priest, wearing a +0 chain mail (moderately wounded)
The magic dart hits the orc priest but does no damage.
A beastly little devil appears in a puff of frigid air.
The orc priest hits your white imp. The orc priest misses your white imp.
Your white imp barely misses the orc priest.
The orc priest hits your white imp.
Your white imp hits the orc priest but does no damage.
The orc priest hits your white imp but does no damage.
Your white imp hits the orc priest but does no damage.
Your white imp gestures at the orc priest.
The puff of frost hits the orc priest but does no damage.
The orc priest hits your white imp.
Your white imp gestures at the orc priest.
The puff of frost hits the orc priest.
The orc priest hits your white imp.
Your white imp dies!
You miscast Call Imp.
You are very lightly contaminated with residual magic.
You hear strange voices.
The floor.
Unknown command.
A beastly little devil appears in a puff of flame.
Your crimson imp completely misses the orc priest.
The orc priest hits your crimson imp but does no damage.
Your crimson imp hits the orc priest.
The orc priest hits your crimson imp.
Your crimson imp hits the orc priest but does no damage.
The orc priest calls down the wrath of Beogh upon you.
Beogh smites you!
* * * LOW HITPOINT WARNING * * *
The orc priest misses your crimson imp.
Your crimson imp hits the orc priest but does no damage.
The orc priest barely misses your crimson imp.
Your crimson imp blinks!
You miscast Call Imp.
Nothing appears to happen.
The orc priest mumbles some strange prayers to Beogh against you.
Beogh smites you!
You die...

..........# #.# #.#.#.#.#.#
#.# .........o## ####.####
#.......#..# #.......#
.............# #.##.##.#
..#...>...#..# #.##.##.######
#............###.##...o.....#
..#.......#......#####.####.#
#...........####@#####.#
..#.#.#.#.#.# #.....o.#
#...........# #...#####
...>.######## ##.##
#...###### #.#
#........########.####
#...#.......##.......#
#####.รท.....##..#.##.# ###
#.......##..#.##.#


You could see an orc priest.

Vanquished Creatures
  2 orc priests (D:5)
  An orc wizard (D:5)
  An iguana (D:4)
  A howler monkey zombie (D:5)
  4 adders
  2 oozes (D:2)
  3 worms
  A dart slug (D:1)
  3 leopard geckos
  5 orcs
  5 giant cockroaches
  3 hobgoblins
  11 jackals
  4 kobolds
  A quokka (D:2)
  3 bats
  7 frilled lizards
  4 goblins
  10 rats
71 creatures vanquished.

Vanquished Creatures (collateral kills)
  A sky beast (D:4)
  A scorpion (D:5)
  2 crimson imps
  A hound (D:4)
  An orc wizard (D:2)
  2 adders
  A worm (D:2)
  3 orcs
12 creatures vanquished.

Grand Total: 83 creatures vanquished

Notes
Turn   | Place    | Note
-------+----------+-------------------------------------------
     0 | D:1      | FluffGlitter the Demonspawn Wizard began the quest for the
                  | Orb.
     0 | D:1      | Reached XP level 1. HP: 13/13 MP: 4/4
   533 | D:1      | Gained mutation: You have a pair of small horns on your
                  | head. [demonic ancestry]
   533 | D:1      | Reached XP level 2. HP: 9/19 MP: 3/6
   732 | D:2      | Found an opulent altar of Gozag.
   863 | D:1      | Learned a level 2 spell: Blink
   866 | D:1      | Learned a level 2 spell: Call Imp
  1348 | D:2      | Gained mutation: Your flesh is heat resistant. (rF+)
                  | [demonic ancestry]
  1348 | D:2      | Reached XP level 3. HP: 19/24 MP: 1/7
  2095 | D:2      | Reached XP level 4. HP: 15/30 MP: 1/9
  3947 | D:2      | Reached XP level 5. HP: 29/35 MP: 1/10
  4113 | D:3      | Found a faded altar of an unknown god.
  4867 | D:4      | Found a white marble altar of Elyvilon.
  4895 | D:4      | Noticed a sky beast
  4960 | D:4      | Found a shadowy altar of Dithmenos.
  5133 | D:4      | Killed a sky beast
  5369 | D:4      | Found a radiant altar of Vehumet.
  5439 | D:5      | Entered Level 5 of the Dungeon
  5495 | D:4      | Found a shattered altar of Ashenzari.
  5623 | D:4      | Found a burning altar of Makhleb.
  5638 | D:4      | Reached skill level 4 in Spellcasting
  5638 | D:4      | Gained mutation: You regenerate a little health from kills.
                  | [demonic ancestry]
  5638 | D:4      | Reached XP level 6. HP: 36/41 MP: 3/12
  6247 | D:5      | Found a staircase to the Ecumenical Temple.
  7306 | D:5      | Killed from afar by an orc priest

Levels and vault maps discovered:
D:1:      ncdulo_watergridlock, layout_rooms, serial_curves, eino_curves_04,
          eino_curves_02, eino_curves_04
D:2:      layout_basic, nicolae_gozag_seed_capital
D:3:      layout_rooms, chequers_ecumenical_altar_simple_redux, first_ration,
          serial_bayou_pond_e, minmay_misc_feat_hallway, minmay_lizard_king
D:4:      layout_loops_ring, lemuel_round_altar, lemuel_doored_altar,
          nicolae_overflow_crystal_walls, kennysheep_little_box,
          makhleb_grotto_becter, chequers_avenue, minmay_misc_feat_cross
D:5:      layout_loops_cross, minmay_temple_entry_glass,
          makhleb_altar_promises_db
D:6:      layout_layer_cave, grunt_temple_overflow_open, serial_shops,
          shop_fountains, uniq_blork_the_orc

Skill      XL: |  1  2  3  4  5 |
---------------+----------------+-----
Dodging        | 2 3 |  3.5
Stealth        | 2 3 |  3.8
Conjurations   | 2 3 |  3.4
Spellcasting   | 4 |  4.3
Summonings     | |  1.0
Translocations | |  0.8

Action                   |  1- 3 |  4- 6 || total
-------------------------+-------+-------++-------
Melee: Dagger            |    60 |   243 ||   303
       Headbutt          |     6 |    31 ||    37
Throw: Dart              |       |     4 ||     4
       Stone             |       |     4 ||     4
 Cast: Magic Dart        |    53 |   100 ||   153
       Call Imp          |     4 |    16 ||    20
       Blink             |       |     1 ||     1
 Stab: Sleeping          |     3 |       ||     3
  Eat: Chunk             |     4 |    13 ||    17
       Ration            |       |     1 ||     1
Armor: Robe              |     7 |    52 ||    59
Dodge: Dodged            |    34 |   207 ||   241

Table legend:
 A = Non-vault XP
 B = Vault XP
 C = Vault XP percentage of total XP
 D = Non-vault monster count
 E = Vault monster count
 F = Vault count percentage of total count
                 A         B        C        D         E       F
            +---------+---------+-------+---------+---------+-------
      Total |     560 |      51 |   8.3 |      74 |       9 |  10.8
            +---------+---------+-------+---------+---------+-------
        D:1 |      18 |       0 |   0.0 |      11 |       0 |   0.0
        D:2 |     141 |       3 |   2.1 |      31 |       3 |   8.8
        D:3 |      51 |       7 |  12.1 |      12 |       5 |  29.4
        D:4 |     162 |      41 |  20.2 |      12 |       1 |   7.7
        D:5 |     188 |       0 |   0.0 |       8 |       0 |   0.0
            +---------+---------+-------+---------+---------+-------
